 Dungeon Crawl Stone Soup version 0.26-a0-597-gb535b0901c (webtiles) character file.

Game seed: 1183881087387210952

7 Lanoc the Skirmisher (level 1, -17/19 HPs)
             Began as a Draconian Chaos Knight on Sept 1, 2020.
             Was a Plaything of Xom.
             Demolished by a troll (shapeshifter) (19 damage)
             ... on level 3 of the Dungeon.
             The game lasted 00:00:27 (390 turns).

Lanoc the Skirmisher (Draconian Chaos Knight)        Turns: 390, Time: 00:00:27

Health: -17/19     AC:  4    Str: 14    XL:     1   Next: 91%
Magic:  1/1        EV: 12    Int: 12    God:    Xom [..*...]
Gold:   9          SH:  0    Dex: 10    Spells: 0/0 levels left

rFire    . . .     SeeInvis .   a - +0 mace (chaos)
rCold    . . .     Faith    .   (no shield)
rNeg     . . .     Spirit   .   (armour unavailable)
rPois    .         Reflect  .   (helmet restricted)
rElec    .         Harm     .   (no cloak)
rCorr    .                      (no gloves)
MR       .....                  (no boots)
Stlth    ..........             (no amulet)
HPRegen  0.06/turn              c - ring of attention (curse)
MPRegen  0.07/turn              (no ring)

@: brilliant
A: unfitting armour, cold-blooded, AC +4
a: Renounce Religion


You were on level 3 of the Dungeon.
You worshipped Xom.
You were a toy of Xom.
You visited 1 branch of the dungeon, and saw 3 of its levels.

You collected 9 gold pieces.

Inventory:

Hand Weapons
 a - a +0 mace of chaos (weapon)
Jewellery
 c - a cursed ring of attention (left hand)
Scrolls
 b - a scroll of identify {unknown}
 e - a scroll of random uselessness {unknown}
 f - a scroll of teleportation {unknown}


   Skills:
 + Level 3.4 Fighting
 * Level 3.2 Maces & Flails
 + Level 2.2 Dodging


You couldn't memorise any spells.
You didn't know any spells.
Your spell library was empty.

Dungeon Overview and Level Annotations

Branches:
Dungeon (3/15)

Altars:


Innate Abilities, Weirdness & Mutations

Your plain brown scales are hard. (AC +4)
You cannot fit into any form of body armour.
You are cold-blooded and may be slowed by cold attacks.


Message History

You barely miss the kobold. The kobold barely misses you.
You hit the kobold.
The kobold changes into a shapeshifter!
Xom is amused.
The shapeshifter is lightly wounded.
The shapeshifter changes into a troll!
You closely miss the troll. The troll bites you!
Ouch! That really hurt!
The troll claws you.
* * * LOW HITPOINT WARNING * * *
The troll misses you.
You are too injured to fight recklessly!
You are too injured to fight recklessly!
You are too injured to fight recklessly!
A troll is nearby!
It was a potion of brilliance.
You feel clever all of a sudden. The troll bites you!!
Ouch! That really hurt!
You die...
Xom chortles!

######### #......(#
#.......#######
#...#...(.....#
.......@#####.#
#......T# #.#
.......)# #.#
#.......#####.######
##.#######.........#
# # #.##.####.# ##.#
#.##..# #.# .#.
##+## #.###.###.# ..
##...## #.........#


You could see a troll shaped shifter.

Vanquished Creatures
  An orc (D:3)
  2 bats (D:2)
  A hobgoblin (D:3)
  A quokka (D:3)
5 creatures vanquished.

Notes
Turn   | Place    | Note
-------+----------+-------------------------------------------
     0 | D:1      | Lanoc the Draconian Chaos Knight began the quest for the
                  | Orb.
     0 | D:1      | Reached XP level 1. HP: 19/19 MP: 1/1
   387 | D:3      | Noticed a shapeshifter
   387 | D:3      | a kobold changed into a shapeshifter
   387 | D:3      | Noticed a troll
   387 | D:3      | a shapeshifter changed into a troll
   390 | D:3      | Demolished by a troll (shapeshifter)

Illustrated notes

Levels and vault maps discovered:
D:1:      dpeg_arrival_fog, layout_loops_ring
D:2:      minmay_chambers_of_ones, layout_rooms, uniq_terence,
          uniq_crazy_yiuf_cottage
D:3:      layout_loops_corners, wad_rectangle_vault

Action                   || total
-------------------------++-------
Melee: Mace              ||    17
       Tailslap          ||     2
  Use: Potion            ||     1
Armor: Skin              ||     2
Dodge: Dodged            ||    16

Table legend: (Time is in decaauts)
 A = Elapsed time spent in this place.
 B = Non-inter-level travel time spent in this place.
 C = Inter-level travel time spent in this place.
 D = Time resting spent in this place.
 E = Time spent auto-exploring this place.
 F = Levels seen in this place.
 G = Mean time per level.
                   A        B        C        D        E       F      G
               +--------+--------+--------+--------+--------+-----+--------+
         Total |    393 |    373 |     20 |      0 |    321 |   3 |  131.0 |
       Dungeon |    393 |    373 |     20 |      0 |    321 |   3 |  131.0 |
               +--------+--------+--------+--------+--------+-----+--------+

Top non-repeatable levels by time:
     D:3: 318 daAuts
     D:2: 73 daAuts
     D:1: 2 daAuts
